 Dungeon Crawl Stone Soup version 0.19.1-1-g22dce08 (webtiles) character file.

725 somonday the Digger (level 7, -4/41 HPs)
             Began as an Octopode Earth Elementalist on Jan 18, 2017.
             Slain by an orc warrior
             ... wielding a +0 mace
              (22 damage)
             ... on level 5 of the Dungeon.
             The game lasted 01:37:59 (6037 turns).

somonday the Digger (Octopode Earth Elementalist)   Turns: 6037, Time: 01:38:00

Health: -4/41      AC:  1    Str:  7    XL:     7   Next: 72%
Magic:  4/13       EV: 14    Int: 20    God:
Gold:   198        SH:  0    Dex: 12    Spells: 3 memorised, 5 levels left

rFire  + . .     SeeInvis .     b - 174 stones
rCold  x . .     Gourm    .     (no shield)
rNeg   . . .     Faith    .     (helmet restricted)
rPois  .         Spirit   .     (no amulet)
rElec  .         Reflect  .     y - ring of resist corrosion
rCorr  +         Harm     .     A - ring of fire
MR     ++...                    (no ring)
Stlth  +++.......               (no ring)
                                (no ring)
                                (no ring)
                                (no ring)
                                (no ring)

@: very slightly contaminated
A: almost no armour, stealthy swim, amphibious, 8 rings, constrict 8, tentacle
spike 1, camouflage 1, magic resistance 2, gelatinous body 1, evolution 1
a: no special abilities


You were on level 5 of the Dungeon.
You were very hungry.

You visited 1 branch of the dungeon, and saw 5 of its levels.

You collected 198 gold pieces.

Inventory:

Hand Weapons
 a - a +0 dagger
 i - a +0 short sword
 B - a +0 flail of holy wrath
Missiles
 b - 174 stones (in tentacle)
 g - 36 arrows
 l - 2 throwing nets
 o - 28 bolts
Jewellery
 y - a ring of resist corrosion (left tentacle)
 A - a ring of fire (right tentacle)
Scrolls
 e - 9 scrolls of identify
 f - 2 scrolls of fog {unknown}
 m - 3 scrolls of blinking {unknown}
 n - 5 scrolls of remove curse
 q - a scroll of teleportation {unknown}
 v - a scroll of amnesia {unknown}
 x - 2 scrolls of recharging {unknown}
 G - a scroll of random uselessness {unknown}
 H - a scroll of enchant weapon {unknown}
Potions
 h - a potion of haste {unknown}
 j - a potion of mutation {unknown}
 p - 2 potions of cure mutation
 s - a potion of flight {unknown}
 u - a potion of curing {unknown}
 z - a potion of brilliance
 C - a potion of lignification {unknown}
Books
 d - a book of Geomancy

   Spells                             Type                      Level
   a - Sandblast                      Earth                        1
   b - Passwall                       Transmutation/Earth          2
   c - Stone Arrow                    Conjuration/Earth            3
   d - Petrify                        Transmutation/Earth          4
   e - Lee's Rapid Deconstruction     Earth                        5
Comestibles
 c - 3 bread rations
 k - a meat ration
 r - 3 fruits
 w - a beef jerky
 D - 2 royal jellies
 E - a slice of pizza


   Skills:
 - Level 1.4 Short Blades
 - Level 4.0 Dodging
 - Level 3.2 Stealth
 - Level 4.0 Spellcasting
 - Level 2.1 Conjurations
   Level 1.0 Transmutations
 + Level 6.2 Earth Magic


You had 5 spell levels left.
You knew the following spells:

 Your Spells              Type           Power        Failure   Level  Hunger
a - Sandblast             Erth           ####..       1%          1    None
b - Stone Arrow           Conj/Erth      ###...       10%         3    ###....
c - Lee's Rapid Deconstr  Erth           ####......   30%         5    ######.


Dungeon Overview and Level Annotations

Branches:
Dungeon (5/15)
 Temple: D:4-7

Altars:
Nemelex Xobeh


Innate Abilities, Weirdness & Mutations

You cannot wear most types of armour.
You are very stealthy in the water. (Stealth+)
You are amphibious.
You can wear up to eight rings at the same time.
You can use your tentacles to constrict eight enemies at once.
Your skin changes colour to match your surroundings (Stealth+).
Your rubbery body absorbs attacks. (AC +1, EV +1)
One of your tentacles bears a spike.
You are highly resistant to hostile enchantments. (MR++)
You evolve.


Message History

Press: ? - help, Shift-Dir - straight line, f/p - orc warrior
Aim: an orc warrior, wielding a mace and wearing a chain mail (heavily wounded)
The rocky blast hits the orc warrior.
The orc warrior is heavily wounded.
The orc warrior closely misses you.
Casting: Sandblast
Confirm with . or Enter, or press ? or * to list all spells.
Aiming: Sandblast
Press: ? - help, Shift-Dir - straight line, f/p - orc warrior
Aim: an orc warrior, wielding a mace and wearing a chain mail (heavily wounded)
The rocky blast hits the orc warrior.
The orc warrior is heavily wounded.
The orc warrior hits you with a mace!!
Ouch! That really hurt!
There is a stone staircase leading up here.
You climb upwards.
There is a stone staircase leading down here.
You climb downwards.
The orc warrior hits you with a mace!!
Ouch! That really hurt!
You die...

...............###....# ##.#
########............^.########.#.
# #######.####.............. #
####.# #..#####...###. ####
###....# #..#####..###.. ...##
#...##.####.....##...##.. ....#
#.#...>..##.###.##..#.#.. ##..#
#.#..###.##.# #.##..##... ##..#
#.#..# #@o..# #.##....#.. #...#
#.#..###.#### #.###.#.#..
....#####.#......# ##.###......
...#......#.##########...##...#..
....#######...................#..
....# #.##########...##...#..
....# #.###########.###......
...## #...................#..
#.## #########..............


You could see an orc warrior.

Vanquished Creatures
  An ice beast (D:5)
  A centaur (D:5)
  A howler monkey (D:4)
  A jelly (D:4)
  A centaur skeleton (D:5)
  2 orc wizards (D:4)
  2 hounds (D:4)
  An iguana (D:4)
  4 worker ants
  7 gnolls
  2 adders
  A shadow imp (D:5)
  An ooze (D:3)
  3 dart slugs
  4 leopard geckos
  20 orcs
  A ball python (D:1)
  5 bats
  6 giant cockroaches
  3 goblins (D:1)
  7 hobgoblins
  5 jackals
  2 quokkas (D:4)
  6 frilled lizards
  7 kobolds
  4 rats
98 creatures vanquished.

Notes
Turn   | Place    | Note
-------+----------+-------------------------------------------
     0 | D:1      | somonday the Octopode Earth Elementalist began the quest for the Orb.
     0 | D:1      | Reached XP level 1. HP: 11/11 MP: 3/3
   511 | D:1      | Reached XP level 2. HP: 13/17 MP: 5/5
  1054 | D:1      | Reached XP level 3. HP: 21/21 MP: 6/6
  1059 | D:1      | Learned a level 3 spell: Stone Arrow
  2127 | D:2      | Found a sparkling altar of Nemelex Xobeh.
  2152 | D:2      | Reached skill level 4 in Earth Magic
  2402 | D:3      | Reached XP level 4. HP: 27/27 MP: 2/7
  3493 | D:4      | Reached XP level 5. HP: 8/31 MP: 4/8
  3494 | D:4      | Gained mutation: You are resistant to hostile enchantments. (MR+) [potion of beneficial mutation]
  3507 | D:4      | HP: 1/31 [orc/war axe (9)]
  3649 | D:3      | Reached skill level 1 in Conjurations
  3972 | D:4      | Reached skill level 1 in Short Blades
  3972 | D:4      | Reached XP level 6. HP: 29/36 MP: 3/9
  5047 | D:4      | Reached XP level 7. HP: 41/41 MP: 6/13
  5124 | D:4      | Gained mutation: One of your tentacles bears a spike. [potion of beneficial mutation]
  5125 | D:4      | Gained mutation: You evolve. [potion of beneficial mutation]
  5232 | D:4      | Gained mutation: You are highly resistant to hostile enchantments. (MR++) [evolution]
  5363 | D:5      | Entered Level 5 of the Dungeon
  5484 | D:5      | Reached skill level 5 in Earth Magic
  5714 | D:5      | Reached skill level 6 in Earth Magic
  5801 | D:5      | Learned a level 5 spell: Lee's Rapid Deconstruction
  6037 | D:5      | Slain by an orc warrior

Skill      XL: |  1  2  3  4  5  6  7 |
---------------+----------------------+-----
Earth Magic    | 4 6 |  6.2
Stealth        | 3 |  3.2
Dodging        | 3 4 |  4.0
Conjurations   | 2 |  2.1
Short Blades   | 1 |  1.4
Spellcasting   | 4 |  4.0
Transmutations | |  1.0

Action                   |  1- 3 |  4- 6 |  7- 9 || total
-------------------------+-------+-------+-------++-------
Melee: Mace              |    43 |       |       ||    43
       Constrict         |    24 |    15 |     2 ||    41
       Tentacles         |    14 |    11 |     1 ||    26
       Short sword       |    48 |    47 |     5 ||   100
       Dagger            |       |    16 |       ||    16
Throw: Tomahawk          |       |     3 |       ||     3
       Throwing net      |       |     2 |       ||     2
       Stone             |       |       |     2 ||     2
 Cast: Sandblast         |     4 |    67 |    35 ||   106
       Stone Arrow       |     3 |     1 |       ||     4
       Lee's Rapid Decon |       |       |     2 ||     2
  Use: Potion            |     1 |     4 |     2 ||     7
       Scroll            |       |     2 |     1 ||     3
 Stab: Sleeping          |     6 |     4 |       ||    10
       Distracted        |     1 |       |       ||     1
  Eat: Chunk             |     5 |     8 |     3 ||    16
Armor: Skin              |     4 |     4 |       ||     8
Dodge: Dodged            |    54 |    65 |    13 ||   132
